 Dungeon Crawl Stone Soup version 0.26.1 (webtiles) character file.

Game seed: 11917258596831642771

19018 sizableburger the Severer (level 12, -3/97 HPs)
             Began as a Hill Orc Fighter on Feb 5, 2021.
             Was a High Priest of the Shining One.
             Hit by a silver javelin thrown by a minotaur (12 damage)
             ... in a Gauntlet.
             The game lasted 00:34:08 (12943 turns).

sizableburger the Severer (Hill Orc Fighter)       Turns: 12943, Time: 00:34:08

Health: -3/97      AC: 14    Str: 24    XL:     12   Next: 64%
Magic:  14/15      EV: 11    Int:  8    God:    the Shining One [*****.]
Gold:   677        SH: 22    Dex: 16    Spells: 11/11 levels left

rFire    + + .     SeeInvis .   a - +3 war axe
rCold    + . .     Faith    .   c - +0 kite shield
rNeg     + + .     Spirit   .   F - +0 acid dragon scales
rPois    .         Reflect  .   C - +0 helmet of Feessuoc {rF++}
rElec    .         Harm     .   (no cloak)
rCorr    +         Rampage  .   w - +2 pair of gloves
Will     +....     NoTele   +   b - +1 pair of boots {run}
Stlth    +.........             h - amulet of regeneration
HPRegen  0.66/turn              y - ring of willpower
MPRegen  0.14/turn              s - ring "Limov" {rC+ Dex+6}

@: divine shield, glowing, quick
A: no striking features
a: Renounce Religion, Divine Shield, Cleansing Flame, Summon Divine Warrior


You were in a Gauntlet.
You worshipped the Shining One.
The Shining One was extremely pleased with you.
You visited 2 branches of the dungeon, and saw 13 of its levels.
You also visited: Gauntlet.

You collected 677 gold pieces.

Inventory:

Hand Weapons
 a - a +3 war axe (weapon)
Armour
 b - a +1 pair of boots of running (worn)
 c - a +0 kite shield (worn)
 n - a +0 pair of boots
 o - a +0 plate armour
 w - a +2 pair of gloves (worn)
 C - the +0 helmet of Feessuoc (worn) {rF++}
   (You found it on level 10 of the Dungeon)

   It greatly protects you from fire.
 F - +0 acid dragon scales (worn)
Jewellery
 g - an uncursed ring of fire
 h - an amulet of regeneration (around neck)
 s - the ring "Limov" (right hand) {rC+ Dex+6}
   (You found it on level 7 of the Dungeon)

   [ring of dexterity]

   It affects your dexterity (+6).
   It protects you from cold.
 t - an uncursed ring of poison resistance
 y - a ring of willpower (left hand)
Wands
 l - a wand of iceblast (16)
 r - a wand of disintegration (1)
 v - a wand of flame (26)
 B - a wand of digging (3)
 E - a wand of acid (9)
Scrolls
 f - a scroll of teleportation
 i - 7 scrolls of remove curse
 j - 3 scrolls of identify
 m - 2 scrolls of amnesia
Potions
 d - 2 potions of might
 e - 4 potions of mutation
 q - 4 potions of haste
 u - 2 potions of resistance
 z - a potion of berserk rage
 A - a potion of brilliance


   Skills:
 + Level 6.6 Fighting
 - Level 16.0 Axes
 + Level 6.1 Armour
 - Level 15.0 Shields
 + Level 4.8 Invocations
 + Level 0.9 Evocations


You had 11 spell levels left.
You didn't know any spells.
Your spell library contained the following spells:

 Spells                   Type           Power        Failure   Level
 Corona                   Hex            0%           47%         1
 Ensorcelled Hibernation  Hex/Ice        0%           63%         2
 Confusing Touch          Hex            0%           85%         3
 Dazzling Flash           Conj/Hex       0%           85%         3
 Tukima's Dance           Hex            0%           85%         3


Dungeon Overview and Level Annotations

Branches:
Dungeon (12/15)            Temple (1/1) D:4            Lair (0/6) D:11
    Orc (0/2) D:9         Gauntlet (1/1)

Altars:
Ashenzari
Cheibriados
Dithmenos
Elyvilon
Fedhas
Gozag
Hepliaklqana
Kikubaaqudgha
Makhleb
Nemelex Xobeh
Okawaru
Qazlal
Ru
Sif Muna
Trog
Uskayaw
Vehumet
Wu Jian
Xom
Yredelemnul
Zin
The Shining One

Annotations:
Gauntlet 2 transporters


Message History

* * * LOW HITPOINT WARNING * * *
You block the minotaur's attack.
You slash the minotaur!
The minotaur is heavily wounded.
You block the minotaur's attack. The minotaur gores you.
* * * LOW HITPOINT WARNING * * *
You feel better.
You feel better. The minotaur hits you with a +0 club!!
* * * LOW HITPOINT WARNING * * *
You block the minotaur's attack.
Okay, then.
Unknown command.
Blink to where?
Press: ? - help, Dir - move target
As you read the scroll of blinking, it crumbles to dust.
Okay, then.
Okay, then.
Okay, then.
The minotaur throws a silver javelin.
The silver javelin pierces through you!
You die...

...........≈∩≈.......
######################
#8 ≈......(........≈#
## 8.8.8..©.©..8.8§8#
#≈........H.....§≈#
##.##.##§##H##.###
#.##.##.##.##
............# .#
.##.##@##.# #. #.
.##.# .# . . ..... .#
.# #.##.### #. #.# .#
# .. #. .#


You could see a minotaur.

Vanquished Creatures
  A boulder beetle (D:10)
  5 two-headed ogres
  A fire crab (shapeshifter) (Gauntlet)
  An unseen horror (D:12)
  2 oklob plants (Gauntlet)
  A moth of wrath (Gauntlet)
  A salamander (shapeshifter) (Gauntlet)
  3 gargoyles
  The ghost of hawla the Conjurer, a novice DrCj (D:4)
  A polar bear (D:12)
  A troll (D:10)
  A wraith (D:12)
  2 water elementals (D:12)
  A wyvern (D:12)
  13 yaks
  2 basilisks (D:11)
  3 vampire mosquitoes (D:12)
  2 soldier ants
  3 acid dragons
  4 water moccasins
  A swamp drake (D:9)
  A floating eye (shapeshifter) (D:12)
  3 sky beasts
  7 orc warriors
  2 black bears
  An eye of draining (D:9)
  6 ice beasts
  2 phantoms
  7 ogres
  3 necrophages
  7 wolves
  7 centaurs
  A big kobold (D:7)
  A gnoll sergeant (D:6)
  6 bullfrogs
  3 scorpions
  4 wights
  4 killer bees (D:12)
  6 electric eels (D:11)
  2 bullfrog zombies (D:11)
  2 quasits
  4 jellies
  A bullfrog skeleton (D:8)
  2 centaur skeletons
  8 orc priests
  7 hounds
  9 worker ants
  An iguana (D:11)
  10 orc wizards
  2 bullfrog simulacra (D:12)
  2 hound skeletons (D:7)
  4 worker ant zombies
  12 gnolls
  A howler monkey skeleton (D:5)
  8 adders
  2 shadow imps (D:5)
  3 white imps (D:12)
  An ufetubus (D:5)
  4 worms
  A leopard gecko (D:3)
  43 orcs
  A ball python (D:2)
  A bat (D:3)
  6 giant cockroaches
  8 goblins
  9 hobgoblins
  13 jackals
  13 kobolds
  7 quokkas
  A ball python simulacrum (D:4)
  6 frilled lizards
  A giant cockroach simulacrum (D:4)
  A jackal simulacrum (D:4)
  A leopard gecko simulacrum (D:4)
  5 rats
323 creatures vanquished.

Vanquished Creatures (others)
  A white imp (D:5)
  An orc (D:11)
  A giant cockroach zombie (D:5)
  5 bushes (D:11)
  4 fungi (D:11)
  22 plants
34 creatures vanquished.

Grand Total: 357 creatures vanquished

Notes
Turn   | Place    | Note
-------+----------+-------------------------------------------
     0 | D:1      | sizableburger the Hill Orc Fighter began the quest for the
                  | Orb.
     0 | D:1      | Reached XP level 1. HP: 19/19 MP: 1/1
   191 | D:1      | You fall into a shaft and drop 1 floor!
   198 | D:2      | Reached XP level 2. HP: 27/27 MP: 2/2
   200 | D:2      | Reached skill level 3 in Axes
   618 | D:2      | Reached XP level 3. HP: 29/33 MP: 3/3
  1522 | D:3      | Reached XP level 4. HP: 40/40 MP: 4/4
  2184 | D:3      | Found a stormy altar of Qazlal.
  2319 | D:3      | Reached skill level 4 in Axes
  2319 | D:3      | Reached XP level 5. HP: 47/47 MP: 5/5
  2409 | D:4      | Found a staircase to the Ecumenical Temple.
  2416 | Temple   | Entered the Ecumenical Temple
  2487 | Temple   | Became a worshipper of the Shining One
  2630 | D:4      | Reached skill level 1 in Invocations
  2631 | D:4      | Found a runed translucent gate.
  2631 | D:4      | Found a runed translucent gate.
  2636 | D:4      | Found a runed translucent gate.
  2663 | D:4      | Reached XP level 6. HP: 50/55 MP: 6/6
  2779 | D:4      | Reached skill level 5 in Fighting
  3390 | D:4      | Noticed an ice beast
  3391 | D:4      | Noticed hawla's ghost (novice DrCj)
  3391 | D:4      | Noticed an ice beast
  3833 | D:4      | Reached skill level 5 in Axes
  4049 | D:4      | Killed hawla's ghost
  4050 | D:4      | Reached skill level 5 in Armour
  4050 | D:4      | Reached skill level 5 in Shields
  4050 | D:4      | Reached XP level 7. HP: 38/62 MP: 7/9
  4090 | D:4      | Reached skill level 6 in Axes
  4090 | D:4      | Reached XP level 8. HP: 61/70 MP: 10/10
  4177 | D:5      | Entered Level 5 of the Dungeon
  4384 | D:5      | Reached * piety under the Shining One
  4642 | D:5      | Reached skill level 7 in Axes
  4828 | D:5      | Found a shimmering altar of Xom.
  5331 | D:6      | Reached skill level 8 in Axes
  5399 | D:6      | Reached XP level 9. HP: 66/78 MP: 12/12
  5552 | D:6      | Found a snail-covered altar of Cheibriados.
  5666 | D:6      | Reached skill level 9 in Axes
  6005 | D:7      | Reached ** piety under the Shining One
  6215 | D:7      | Reached skill level 10 in Axes
  6224 | D:7      | Got a translucent copper ring
  6225 | D:7      | Identified the ring "Limov" {rC+ Dex+6} (You found it on
                  | level 7 of the Dungeon)
  7836 | D:9      | Reached skill level 11 in Axes
  7836 | D:9      | Reached XP level 10. HP: 84/84 MP: 6/13
  7889 | D:9      | Noticed a two-headed ogre
  7913 | D:9      | Killed a two-headed ogre
  7914 | D:9      | Reached skill level 10 in Shields
  8130 | D:9      | Reached skill level 12 in Axes
  8201 | D:9      | Found a bloodstained altar of Trog.
  8341 | D:9      | Found a staircase to the Orcish Mines.
  8351 | D:9      | Reached *** piety under the Shining One
  8770 | D:10     | Entered Level 10 of the Dungeon
  8919 | D:10     | Noticed a gargoyle
  8928 | D:10     | Killed a gargoyle
  9458 | D:10     | Noticed a gargoyle
  9473 | D:10     | Killed a gargoyle
  9474 | D:10     | Reached skill level 13 in Axes
  9602 | D:10     | Reached XP level 11. HP: 77/91 MP: 14/14
  9715 | D:10     | Noticed a two-headed ogre
  9727 | D:10     | Killed a two-headed ogre
  9873 | D:10     | Got a shimmering helmet
  9879 | D:10     | Identified the cursed +0 helmet of Feessuoc {rF++} (You
                  | found it on level 10 of the Dungeon)
 10253 | D:11     | Noticed a two-headed ogre
 10253 | D:11     | Noticed a boulder beetle
 10294 | D:10     | Killed a two-headed ogre
 10350 | D:10     | Killed a boulder beetle
 10351 | D:10     | Reached skill level 14 in Axes
 10836 | D:11     | Found a staircase to the Lair.
 11172 | D:11     | Reached skill level 15 in Axes
 11990 | D:11     | Noticed a two-headed ogre
 12006 | D:11     | Killed a two-headed ogre
 12188 | D:12     | Noticed an unseen horror
 12188 | D:12     | Reached **** piety under the Shining One
 12199 | D:12     | Reached XP level 12. HP: 72/97 MP: 15/15
 12288 | D:12     | Noticed a two-headed ogre
 12317 | D:12     | Killed a two-headed ogre
 12390 | D:12     | Reached skill level 16 in Axes
 12530 | D:12     | Found a gate leading to a gauntlet.
 12540 | Gauntlet | Entered a Gauntlet
 12540 | Gauntlet | Found a transporter.
 12540 | Gauntlet | Found a transporter.
 12540 | Gauntlet | Reached ***** piety under the Shining One
 12551 | Gauntlet | Found a transporter.
 12552 | Gauntlet | Found a transporter.
 12587 | Gauntlet | Found a transporter.
 12588 | Gauntlet | Found a transporter.
 12653 | Gauntlet | Found a transporter.
 12756 | Gauntlet | Found a transporter.
 12836 | Gauntlet | Identified a +1 pair of boots of running (You found it in a
                  | Gauntlet)
 12839 | Gauntlet | Found a transporter.
 12850 | Gauntlet | Found a transporter.
 12854 | Gauntlet | Reached skill level 15 in Shields
 12925 | Gauntlet | Noticed a minotaur
 12939 | Gauntlet | Noticed a death yak
 12943 | Gauntlet | Hit by a silver javelin thrown by a minotaur

Illustrated notes

Levels and vault maps discovered:
D:1:      lightli_arrival_flooded_house, layout_rooms
D:2:      layout_basic
D:3:      layout_basic, nicolae_qazlal_eye_of_the_storm
D:4:      layout_layer_cave, temple_doors_e, gammafunk_ghost_icy
D:5:      cheibrodos_two_vegetables, layout_loops_ring,
          lemuel_coloured_pillars_altar, lemuel_flame_loot_1
D:6:      layout_loops_ring, lemuel_crystal_altar, st_stairs_12,
          kennysheep_decorative_pillar
D:7:      layout_cave_pools, st_stairs_10
D:8:      layout_basic
D:9:      layout_cave_pools, bloody_trog, erik_orc_1
D:10:     layout_grid_maze
D:11:     layout_basic, minmay_lair_entry_grove, tgw_sif
D:12:     cheibrodos_lost_city_excavation, layout_loops_ring, serial_ice,
          serial_ice_d, serial_ice_a, serial_ice_j, serial_ice_n,
          gauntlet_entry_generic
Temple:   hc_temple_tempest_star
Gauntlet: gammafunk_gauntlet_shortcut [nicolae_gauntlet_arena_blocks,
          gammafunk_gauntlet_arena_spirals, gammafunk_gauntlet_arena_split_x,
          gammafunk_gauntlet_arena_chambers, gammafunk_gauntlet_arena_grid,
          gammafunk_gauntlet_arena_mazey, gauntlet_exit_green]

Skill      XL: |  1  2  3  4  5  6  7  8  9 10 11 12 |
---------------+-------------------------------------+-----
Axes           | 3 4 5 6 8 11 13 15 16 | 16.0
Fighting       | 4 5 6 |  6.6
Armour         | 4 5 6 |  6.1
Shields        | 4 5 7 9 11 13 15 | 15.0
Invocations    | 1 3 4 |  4.8
Evocations     | |  0.9

Action                   |  1- 3 |  4- 6 |  7- 9 | 10-12 || total
-------------------------+-------+-------+-------+-------++-------
Melee: War axe           |   103 |   153 |   280 |   521 ||  1057
Invok: Divine Shield     |       |       |       |     3 ||     3
Evoke: Wand              |       |     2 |       |    12 ||    14
  Use: Scroll            |       |    11 |     3 |    14 ||    28
       Potion            |       |     5 |       |     4 ||     9
Armor: Scale mail        |    42 |    64 |    78 |   112 ||   296
       Acid dragon scale |       |       |       |    11 ||    11
Dodge: Dodged            |    19 |    47 |    79 |   125 ||   270
Block: Kite shield       |    50 |    73 |   150 |   313 ||   586
